 Dungeon Crawl Stone Soup version 0.24.1-14-gf8d2b509d9 (webtiles) character file.

Game seed: 15394909750876713204, levelgen mode: deterministic

23199 Aradir the Cleaver (level 12, -7/122 HPs)
             Began as a Troll Gladiator on May 25, 2020.
             Was a Follower of Uskayaw.
             Mangled by a wolf spider (18 damage)
             ... on level 1 of the Spider Nest on May 29, 2020.
             The game lasted 02:45:09 (12966 turns).

Aradir the Cleaver (Troll Gladiator)               Turns: 12966, Time: 02:45:10

Health: -7/122     AC: 10    Str: 31    XL:     12   Next: 69%
Magic:  3/17       EV: 12    Int:  4    God:    Uskayaw [*.....]
Gold:   1056       SH: 21    Dex: 14    Spells: 0/11 levels left

rFire    + . .     SeeInvis +   a - +6 war axe (drain)
rCold    + . .     Gourm    +   v - +3 large shield
rNeg     . . .     Faith    .   P - +2 robe {MR+}
rPois    +         Spirit   .   c - +2 hat
rElec    .         Reflect  .   U - scarf {rC+ rF+}
rCorr    .         Harm     .   (gloves unavailable)
MR       +....                  (boots unavailable)
Stlth    +.........             L - amulet of the acrobat
HPRegen  0.70/turn              i - ring of see invisible
MPRegen  0.15/turn              t - ring of poison resistance

@: mighty, hasted, very quick
A: large, unfitting armour, claws 3, fast metabolism 3, gourmand, regeneration
1, shaggy fur 1, tough skin 3
a: Stomp, Renounce Religion


You were on level 1 of the Spider Nest.
You worshipped Uskayaw.
Uskayaw was aware of your devotion.
You were not hungry.

You visited 3 branches of the dungeon, and saw 15 of its levels.
You also visited: Sewer.

You collected 1056 gold pieces.

Inventory:

Hand Weapons
 a - a +6 war axe of draining (weapon)
 J - a +0 broad axe
Missiles
 j - 2 silver javelins
 o - 51 poisoned darts
 M - a silver boomerang (quivered)
 W - 3 atropa-tipped darts
 Y - 6 javelins
Armour
 c - a +2 hat (worn)
 v - a +3 large shield (worn)
 P - a +2 robe of magic resistance (worn)
 U - a scarf of resistance (worn)
Magical Staves
 b - an uncursed staff of power
 g - an uncursed staff of energy
 Q - an uncursed staff of wizardry
 R - an uncursed staff of death
Jewellery
 i - a ring of see invisible (left claw)
 l - an uncursed amulet of regeneration
 t - a ring of poison resistance (right claw)
 A - an uncursed ring of teleportation
 L - an amulet of the acrobat (around neck)
 O - an uncursed amulet of magic regeneration
Wands
 d - a wand of polymorph (23)
 D - a wand of acid (22)
 E - a wand of flame (8)
 Z - a wand of iceblast (4)
Scrolls
 n - a scroll of amnesia {unknown}
 p - 8 scrolls of teleportation
 s - 3 scrolls of immolation {unknown}
 u - 7 scrolls of remove curse
 y - a scroll of brand weapon {unknown}
 B - 3 scrolls of magic mapping
 I - 2 scrolls of fog {unknown}
 K - a scroll of silence {unknown}
 N - a scroll of holy word {unknown}
 V - 2 scrolls of vulnerability {unknown}
Potions
 e - a potion of magic {unknown}
 h - 2 potions of curing
 m - 2 potions of brilliance {unknown}
 q - a potion of heal wounds {unknown}
 r - 5 potions of flight
 w - 2 potions of mutation {unknown}
 x - 3 potions of agility
 C - a potion of cancellation {unknown}
 F - 2 potions of resistance {unknown}
 G - 2 potions of haste
 H - 3 potions of might
 T - a potion of invisibility {unknown}
 X - 2 potions of ambrosia {unknown}
Miscellaneous
 S - a phial of floods (inert)
Comestibles
 f - 23 rations


   Skills:
 + Level 8.7 Fighting
 + Level 8.9 Axes
 - Level 1.7 Throwing
 + Level 8.9 Dodging
 + Level 7.2 Shields
 + Level 8.8 Invocations


You couldn't memorise any spells.
You knew the following spells:

 Your Spells              Type           Power        Failure   Level  Hunger
a - Animate Skeleton      Necr           N/A          97%         1    ##.....
b - Apportation           Tloc           #.....       97%         1    ##.....
c - Beastly Appendage     Tmut           #.....       97%         1    ##.....
d - Blade Hands           Tmut           #.........   100%        5    ######.
e - Confuse               Hex            #.......     100%        3    ####...

Your spell library contained the following spells:

 Spells                   Type           Power        Failure   Level  Hunger
 Confusing Touch          Hex            #.....       97%         1    ##.....
 Summon Small Mammal      Summ           #...         97%         1    ##.....
 Sticks to Snakes         Tmut           #.......     99%         2    ###....
 Gell's Gravitas          Tloc           #.........   100%        3    ####...
 Spider Form              Tmut/Pois      #.........   100%        3    ####...
 Ice Form                 Ice/Tmut       #.......     100%        4    #####..
 Petrify                  Tmut/Erth      #.......     100%        4    #####..
 Metabolic Englaciation   Hex/Ice        #.........   100%        5    ######.
 Yara's Violent Unravell  Hex/Tmut       #.........   100%        5    ######.


Dungeon Overview and Level Annotations

Branches:
Dungeon (11/15)            Temple (0/1) D:4            Lair (3/6) D:11
 Spider (1/4) Lair:3        Sewer (visited)
  Swamp: Lair:2-4    Shoals: Lair:2-4       Orc: D:9-12

Altars:
Cheibriados
Elyvilon
Gozag
Makhleb
Ru
Sif Muna
Trog
Uskayaw
Vehumet
Wu Jian
Xom
Zin
The Shining One


Innate Abilities, Weirdness & Mutations

You are too large for most types of armour.
You have claws for hands.
Your metabolism is lightning-fast.
You like to eat raw meat.
Your natural rate of healing is unusually fast.
You are covered in fur. (AC +1)
You have extremely tough skin. (AC +3)


Message History

You feel better. The wolf spider closely misses you.
You block the wolf spider's attack.
Okay, then.
You slash the wolf spider! You drain the wolf spider.
The wolf spider is moderately wounded.
The wolf spider hits you!
* * * LOW HITPOINT WARNING * * *
The wolf spider bites you.
* * * LOW HITPOINT WARNING * * *
You block the wolf spider's attack. x2
Okay, then.
You feel better. The wolf spider misses you.
You block the wolf spider's attack. The wolf spider hits you!
* * * LOW HITPOINT WARNING * * *
You block the wolf spider's attack.
Okay, then.
You feel better. You block the wolf spider's attack. x2
It was a potion of haste.
You feel yourself speed up.
You block the wolf spider's attack. x2; The wolf spider hits you!!
You die...

##########
#........#*
#.......^.*****
#.....^#..*,,,*
#.........,,,,****
#.@s.^..#,,*,,**,**
#.........,,,,*,,,*
#..#$...#.,,,,,*,,,
#.:.......,,,,,,,,,
##..,.....,*,*,,*,,
*#........,,,,,,,,,
*....,....,*,,,*,,,
#......$.......,,,,
*..#..........*.,,*


You could see a wolf spider.

Vanquished Creatures
  5 hydras
  A two-headed ogre (D:7)
  A death yak (Lair:3)
  2 unseen horrors (D:11)
  An unseen horror (shapeshifter) (D:9)
  A wolf spider (Lair:3)
  Pikel (D:4)
  Psyche (D:9)
  3 black mambas (Lair:3)
  A gargoyle (D:11)
  A kobold demonologist (D:11)
  2 komodo dragons (Lair:2)
  Grinder (D:6)
  A hornet (D:9)
  A jumping spider (Lair:3)
  6 hippogriffs
  4 redbacks
  Sigmund (D:2)
  A wyvern (D:8)
  A shadow (D:11)
  A fire elemental (Lair:3)
  15 yaks
  Edmund (D:6)
  10 water moccasins
  11 porcupines
  Duvessa (D:6)
  4 black bears
  6 ice beasts
  3 orc warriors
  2 sky beasts (D:9)
  4 phantoms
  A necrophage (D:11)
  7 ogres
  An eye of draining (D:7)
  4 centaurs
  8 crocodiles
  12 bullfrogs
  3 big kobolds
  A water moccasin zombie (D:8)
  A wyvern skeleton (D:9)
  4 scorpions
  Dowan (D:6)
  4 killer bees (D:9)
  3 wights (D:11)
  A howler monkey (D:4)
  2 lava snakes (Lair:3)
  5 crimson imps
  A bullfrog zombie (D:9)
  A quasit (D:5)
  A centaur zombie (D:9)
  4 hounds
  6 jellies
  7 orc wizards
  6 orc priests
  3 iguanas
  6 worker ants
  A howler monkey zombie (D:5)
  2 worker ant zombies
  12 adders
  A gnoll (D:7)
  2 shadow imps
  An adder zombie (D:9)
  An adder skeleton (D:7)
  3 worms
  6 dart slugs
  3 leopard geckos
  28 orcs
  2 giant cockroaches
  14 goblins
  6 hobgoblins
  10 jackals
  7 quokkas
  11 bats
  4 frilled lizards
  A giant cockroach zombie (D:5)
  A jackal skeleton (D:5)
  20 kobolds
  A leopard gecko skeleton (D:8)
  3 rats
  A fungus (Lair:3)
  A plant (D:11)
329 creatures vanquished.

Vanquished Creatures (others)
  An orc wizard (D:4)
  3 plants
4 creatures vanquished.

Grand Total: 333 creatures vanquished

Notes
Turn   | Place    | Note
-------+----------+-------------------------------------------
     0 | D:1      | Aradir the Troll Gladiator began the quest for the Orb.
     0 | D:1      | Reached XP level 1. HP: 19/19 MP: 0/0
   122 | D:1      | Reached XP level 2. HP: 24/28 MP: 1/1
   603 | D:1      | Reached XP level 3. HP: 35/35 MP: 2/2
  1103 | D:2      | Noticed Sigmund
  1117 | D:2      | Killed Sigmund
  1117 | D:2      | Reached XP level 4. HP: 30/45 MP: 3/3
  1117 | D:2      | Reached XP level 5. HP: 35/53 MP: 4/4
  1211 | D:2      | Noticed a +0 dagger
  1213 | D:2      | Noticed a +0 hand axe
  1220 | D:2      | Found a hide-covered altar of Uskayaw.
  1280 | D:2      | Became a worshipper of Uskayaw the Reveler
  1518 | D:3      | Reached * piety under Uskayaw
  1586 | D:3      | Found a glowing drain.
  1622 | D:3      | Reached ** piety under Uskayaw
  1631 | Sewer    | Entered a sewer
  1686 | Sewer    | Noticed a crocodile
  1699 | Sewer    | Killed a crocodile
  1699 | Sewer    | Reached skill level 1 in Invocations
  1699 | Sewer    | Reached XP level 6. HP: 43/61 MP: 5/5
  1833 | D:3      | Found a sacrificial altar of Ru.
  2077 | D:3      | Found a burning altar of Makhleb.
  2175 | D:3      | Found a radiant altar of Vehumet.
  2288 | D:3      | Found an ornate altar of the Wu Jian Council.
  2445 | D:3      | Found a glowing golden altar of the Shining One.
  2446 | D:3      | Found a glowing silver altar of Zin.
  2447 | D:3      | Found a white marble altar of Elyvilon.
  2589 | D:4      | Found a staircase to the Ecumenical Temple.
  2793 | D:4      | Noticed a slave
  2794 | D:4      | Noticed Pikel
  2795 | D:4      | Noticed a slave
  2797 | D:4      | Noticed a slave
  2812 | D:4      | Noticed a slave
  2816 | D:4      | Killed Pikel
  2816 | D:4      | Reached XP level 7. HP: 66/70 MP: 6/8
  2816 | D:4      | Reached *** piety under Uskayaw
  3236 | D:5      | Entered Level 5 of the Dungeon
  3301 | D:5      | Reached XP level 8. HP: 54/79 MP: 9/9
  3619 | D:5      | Found a snail-covered altar of Cheibriados.
  3649 | D:5      | Reached skill level 5 in Axes
  3716 | D:5      | You fall into a shaft and drop 1 floor!
  3763 | D:6      | Found a shimmering altar of Xom.
  3786 | D:6      | Reached skill level 5 in Dodging
  3790 | D:6      | Noticed Grinder
  3790 | D:6      | Paralysed by Grinder for 5 turns
  3796 | D:6      | Paralysed by Grinder for 2 turns
  3805 | D:6      | Killed Grinder
  3805 | D:6      | Reached skill level 1 in Shields
  3815 | D:6      | Noticed Edmund
  3826 | D:6      | Killed Edmund
  3983 | D:6      | Reached skill level 5 in Fighting
  4022 | D:6      | Reached XP level 9. HP: 46/88 MP: 1/11
  4024 | D:6      | Reached **** piety under Uskayaw
  4397 | D:6      | Noticed Duvessa
  4397 | D:6      | Noticed Dowan
  4401 | D:6      | Killed Dowan
  4406 | D:6      | Killed Duvessa
  5037 | D:7      | Found a shimmering blue altar of Sif Muna.
  5206 | D:7      | Found a snail-covered altar of Cheibriados.
  5253 | D:7      | Found a bloodstained altar of Trog.
  5431 | D:7      | Reached skill level 5 in Invocations
  5703 | D:7      | Noticed a two-headed ogre
  5718 | D:7      | Killed a two-headed ogre
  5718 | D:7      | Reached XP level 10. HP: 57/98 MP: 1/13
  6201 | D:8      | Learned a level 1 spell: Animate Skeleton
  6203 | D:8      | Learned a level 1 spell: Apportation
  6205 | D:8      | Learned a level 1 spell: Beastly Appendage
  6211 | D:8      | Learned a level 5 spell: Blade Hands
  7522 | D:9      | Noticed a fire crab
  7769 | D:9      | Noticed Psyche
  7776 | D:9      | Killed Psyche
  8094 | D:9      | Found an opulent altar of Gozag.
  8310 | D:9      | Noticed an unseen horror
  8335 | D:9      | Killed an unseen horror
  8335 | D:9      | Reached skill level 5 in Shields
  8419 | D:10     | Entered Level 10 of the Dungeon
  8512 | D:10     | Reached XP level 11. HP: 109/109 MP: 11/15
  9203 | D:11     | Noticed an unseen horror
  9204 | D:11     | Found a staircase to the Lair.
  9218 | D:11     | Killed an unseen horror
  9462 | D:11     | Noticed a four-headed hydra
  9473 | D:11     | Killed a six-headed hydra
  9737 | D:11     | Noticed an unseen horror
  9746 | D:11     | Killed an unseen horror
  9883 | Lair:1   | Entered Level 1 of the Lair of Beasts
 10071 | Lair:1   | Noticed a five-headed hydra
 10093 | Lair:1   | Reached ***** piety under Uskayaw
 10099 | Lair:1   | Killed a 17-headed hydra
 10610 | Lair:1   | Reached XP level 12. HP: 119/119 MP: 16/16
 10615 | Lair:1   | Learned a level 3 spell: Confuse
 10775 | Lair:2   | Noticed a six-headed hydra
 10787 | Lair:2   | Killed a 13-headed hydra
 10812 | Lair:2   | Noticed a five-headed hydra
 10838 | Lair:2   | Killed a nine-headed hydra
 11699 | Lair:3   | Found a hole to the Spider Nest.
 12266 | Lair:3   | Noticed a death yak
 12266 | Lair:3   | Noticed a five-headed hydra
 12491 | Lair:3   | Killed a death yak
 12648 | Lair:3   | Killed an eight-headed hydra
 12942 | Spider:1 | Entered Level 1 of the Spider Nest
 12964 | Spider:1 | HP: 2/122 [wolf spider (16)]
 12966 | Spider:1 | Mangled by a wolf spider

Levels and vault maps discovered:
D:1:      ncdulo_watergridlock, layout_basic, minmay_misc_feat_pillars
D:2:      layout_basic, dancing_weapons_uskayaw, first_ration, uniq_sigmund
D:3:      layout_basic, good_gods_temple_1, marbit_many_paths,
          old_standard_altar, nicolae_overflow_crystal_walls,
          old_standard_altar, cheibrodos_sewer_entry_sluice, grunt_ministairs_2
D:4:      layout_loops_ring, minmay_temple_entry_large_hall, uniq_pikel
D:5:      layout_loops_ring, kennysheep_slug_shrine
D:6:      layout_basic, brannock_xom_greatest_gift, uniq_grinder, uniq_edmund,
          uniq_duvessa
D:7:      minmay_chambers_of_sixes, layout_layer_cave, lemuel_blue_sif_altar,
          kennysheep_little_box, trog_eyes_of_draining, grunt_ogre_cave
D:8:      layout_loops_cross, lightli_minifort
D:9:      minmay_the_grid_octo_triangle [minmay_the_grid_octo_tetromino_candy,
          minmay_the_grid_octo_prize_square_snowflake,
          minmay_the_grid_octo_fat_diamond], layout_gridville,
          grunt_gozag_breadcrumbs, uniq_psyche
D:10:     layout_small_grid
D:11:     layout_roguey, minmay_lair_entry_grove, st_stairs_10,
          minmay_misc_feat_roman
Lair:1:   layout_regular_city, serial_forest, infiniplex_forest_corner_1,
          infiniplex_forest_clump_C, infiniplex_forest_clump_small,
          infiniplex_forest_clump_curved, infiniplex_forest_clump_long,
          infiniplex_forest_lined_corner, infiniplex_forest_lined_room_2,
          serial_bayou_crossing
Lair:2:   layout_chaotic_city, beast_lair_carwin_3
Lair:3:   layout_gridlike, spider_nest_entry_funnel_web, serial_forest,
          infiniplex_forest_lined_4_way, infiniplex_forest_join,
          infiniplex_forest_lined_corner, infiniplex_forest_lined_4_way,
          infiniplex_forest_diagonal, minmay_holes, hangedman_lair_generics_rect
Spider:1: layout_spider_delve, hangedman_spider_tarantella_strand

Skill      XL: |  1  2  3  4  5  6  7  8  9 10 11 12 |
---------------+-------------------------------------+-----
Fighting       | 2 3 4 5 6 7 8 |  8.7
Axes           | 3 4 5 6 7 8 |  8.9
Dodging        | 3 4 5 6 7 8 |  8.9
Invocations    | 1 2 3 4 5 6 7 8 |  8.8
Shields        | 2 3 5 6 7 |  7.2
Throwing       | |  1.7

Action                   |  1- 3 |  4- 6 |  7- 9 | 10-12 || total
-------------------------+-------+-------+-------+-------++-------
Melee: War axe           |    99 |   106 |   176 |   489 ||   870
Throw: Dart              |     8 |    57 |    30 |   135 ||   230
       Throwing net      |     3 |     1 |       |     3 ||     7
       Javelin           |       |     3 |    39 |     3 ||    45
       Boomerang         |       |       |       |    70 ||    70
Invok: Stomp             |       |     3 |    24 |    49 ||    76
       Line Pass         |       |       |     3 |    27 ||    30
Evoke: Wand              |       |     4 |       |    11 ||    15
       Phial of floods   |       |       |       |     2 ||     2
  Use: Scroll            |     1 |    10 |     5 |    18 ||    34
       Potion            |       |       |       |    12 ||    12
 Stab: Sleeping          |     2 |       |     1 |     2 ||     5
       Paralysed         |       |     4 |     4 |    29 ||    37
       Confused          |       |       |     2 |     4 ||     6
  Eat: Chunk             |    12 |    17 |    33 |    70 ||   132
       Ration            |       |       |       |     2 ||     2
Armor: Robe              |    56 |    40 |    73 |   130 ||   299
       Skin              |       |       |       |     8 ||     8
Dodge: Dodged            |    61 |    64 |    68 |   204 ||   397
Block: Large shield      |       |       |   116 |   495 ||   611
